 Dungeon Crawl Stone Soup version 0.21.1-1-g345015fe64 (webtiles) character file.

168 Evaline the Skirmisher (level 5, -2/48 HPs)
             Began as a Minotaur Abyssal Knight on June 8, 2018.
             Was a Believer of Lugonu.
             Killed by nerve-wracking pain
             ... invoked by an orc priest
              (13 damage)
             ... on level 3 of the Dungeon.
             The game lasted 00:25:14 (1865 turns).

Evaline the Skirmisher (Minotaur Abyssal Knight)    Turns: 1865, Time: 00:25:15

Health: -2/48      AC:  3    Str: 18    XL:     5   Next: 24%
Magic:  5/5        EV: 11    Int:  9    God:    Lugonu [**....]
Gold:   148        SH:  0    Dex:  9    Spells: 4/4 levels left

rFire    . . .     SeeInvis .   a - +1 hand axe
rCold    . . .     Gourm    .   (no shield)
rNeg     . . .     Faith    .   b - +0 leather armour
rPois    .         Spirit   .   v - +0 hat
rElec    .         Reflect  .   (no cloak)
rCorr    .         Harm     .   (no gloves)
MR       .....                  (no boots)
Stlth    +.........             (no amulet)
HPRegen  0.16/turn              (no ring)
MPRegen  0.09/turn              (no ring)

@: no status effects
A: retaliatory headbutt, horns 2
a: Depart the Abyss, Bend Space, Renounce Religion


You were on level 3 of the Dungeon.
You worshipped Lugonu.
Lugonu was pleased with you.
You were not hungry.

You visited 1 branch of the dungeon, and saw 3 of its levels.
You visited the Abyss 1 time.

You collected 148 gold pieces.

Inventory:

Hand Weapons
 a - a +1 hand axe (weapon)
 e - a cursed -3 dagger
 k - a +0 club
 n - a +0 short sword
Missiles
 o - 64 arrows
 r - 59 stones (quivered)
 s - 29 poisoned needles
Armour
 b - a +0 leather armour (worn)
 m - a cursed -2 ring mail
 v - a +0 hat (worn)
Jewellery
 t - an uncursed amulet of the gourmand {unknown}
Wands
 z - a wand of digging (13)
Scrolls
 h - a scroll of enchant weapon {unknown}
 j - a scroll of teleportation {unknown}
 l - 2 scrolls of enchant armour {unknown}
 u - a scroll of random uselessness {unknown}
 w - 2 scrolls of identify {unknown}
 y - 2 scrolls of remove curse {unknown}
Potions
 d - a potion of might {unknown}
 g - 4 potions of agility {unknown}
 i - a potion of curing {unknown}
 p - 2 potions of heal wounds {unknown}
 q - a potion of brilliance {unknown}
 A - a potion of lignification {unknown}
Books
 x - a book of Cantrips

   Spells                             Type                      Level
   a - Confusing Touch                Hexes                        1
   b - Animate Skeleton               Necromancy                   1
   c - Summon Small Mammal            Summoning                    1
   d - Apportation                    Translocation                1
Comestibles
 c - 4 rations
 f - 4 chunks of flesh


   Skills:
 + Level 5.1 Fighting
 + Level 4.2 Axes
 * Level 1.7 Throwing
 + Level 3.2 Armour
 - Level 1.1 Dodging
 * Level 2.1 Invocations


You had 4 spell levels left.
You didn't know any spells.

Dungeon Overview and Level Annotations

Branches:
Dungeon (3/15)

Altars:
Ashenzari
Qazlal
Yredelemnul

Annotations:
D:3 Sigmund


Innate Abilities, Weirdness & Mutations

You reflexively headbutt those who attack you in melee.
You have a pair of horns on your head.


Message History

The rat barely misses you.
You barely miss the rat. Your headbutt misses the rat.
The rat closely misses you.
You slash the rat!
You kill the rat!
Lugonu accepts your kill.
You see here a rat corpse.
You butcher the rat corpse.
You see here a chunk of flesh.
f - 4 chunks of flesh (gained 1)
The orc priest calls down the wrath of Beogh upon you.
Beogh smites you!
Sigmund the Dreaded comes into view.
He is wielding a scythe.
Sigmund shouts!
The orc priest mumbles some strange prayers to Beogh against you.
Beogh smites you!
* * * LOW HITPOINT WARNING * * *
The orc priest invokes the aid of Beogh against you.
Pain shoots through your body!
You die...

.. .### ..### #...# #...#
###...# #....@## #.....o######
##.###oo.@..# ######..#######.#
# ##........(.## ..#
##........##(.## ##.##
#..........##..##.o...
#..........###o#.)# #. ....
#..........###...#####. ..##.
#..........#(..(....#.. ...###
#..........#.######o#.####Z.....


You could see an orc priest and 2 orcs.

Vanquished Creatures
  Jessica (D:3)
  Ijyb (D:3)
  3 adders
  An adder skeleton (D:3)
  2 worms (D:3)
  3 dart slugs (D:3)
  7 leopard geckos
  An orc (D:3)
  4 giant cockroaches
  2 gnoll zombies (D:3)
  7 goblins
  4 hobgoblins
  7 jackals
  A quokka (D:3)
  3 ball pythons
  7 bats
  4 frilled lizards
  4 kobolds
  4 rats
66 creatures vanquished.

Vanquished Creatures (others)
  A dart slug (D:2)
1 creature vanquished.

Grand Total: 67 creatures vanquished

Notes
Turn   | Place    | Note
-------+----------+-------------------------------------------
     0 | Abyss:1  | Evaline the Minotaur Abyssal Knight began the quest for the Orb.
     0 | Abyss:1  | Reached XP level 1. HP: 19/19 MP: 1/1
    82 | Abyss:1  | Noticed a smoke demon
    84 | Abyss:1  | Noticed an ancient zyme
    86 | D:1      | Escaped the Abyss
   130 | D:1      | Reached * piety under Lugonu
   131 | D:1      | Reached skill level 4 in Fighting
   131 | D:1      | Reached XP level 2. HP: 26/27 MP: 2/2
   661 | D:2      | Reached XP level 3. HP: 33/33 MP: 3/3
   901 | D:2      | Reached skill level 1 in Throwing
  1163 | D:2      | Found a stormy altar of Qazlal.
  1398 | D:3      | Reached XP level 4. HP: 36/41 MP: 4/4
  1404 | D:3      | Reached ** piety under Lugonu
  1481 | D:3      | Noticed Jessica
  1495 | D:3      | Killed Jessica
  1517 | D:3      | Found a basalt altar of Yredelemnul.
  1621 | D:3      | Reached skill level 5 in Fighting
  1644 | D:3      | Noticed Ijyb
  1648 | D:3      | Found a shattered altar of Ashenzari.
  1655 | D:3      | Reached XP level 5. HP: 42/48 MP: 5/5
  1663 | D:3      | Killed Ijyb
  1859 | D:3      | Noticed Sigmund
  1865 | D:3      | Killed from afar by an orc priest

Skill      XL: |  1  2  3  4 |
---------------+-------------+-----
Fighting       | 4 5 |  5.1
Invocations    | 2 |  2.1
Armour         | 3 |  3.2
Axes           | 3 4 |  4.2
Throwing       | 1 |  1.7
Dodging        | |  1.1

Action                   |  1- 3 |  4- 6 || total
-------------------------+-------+-------++-------
Melee: Hand axe          |    81 |    70 ||   151
       Headbutt          |     9 |    11 ||    20
Throw: Stone             |       |    22 ||    22
Invok: Depart the Abyss  |     1 |       ||     1
  Eat: Chunk             |     2 |     1 ||     3
Armor: Leather armour    |    27 |    17 ||    44
Dodge: Dodged            |    56 |    53 ||   109
